 Dungeon Crawl Stone Soup version 0.19-a0-1888-g6ba2374 (webtiles) character file.

54 Promi the Conjurer (level 3, 0/29 HPs)
             Began as a Demigod Wanderer on Oct 17, 2016.
             Succumbed to an adder's poison
             ... on level 2 of the Dungeon.
             The game lasted 00:06:45 (1451 turns).

Promi the Conjurer (Demigod Wanderer)               Turns: 1451, Time: 00:06:46

Health: 0/29       AC:  3    Str: 20    XL:     3   Next: 44%
Magic:  4/7        EV: 12    Int: 17    God:
Gold:   108        SH:  0    Dex: 16    Spells: 1 memorised, 4 levels left

rFire  . . .     SeeInvis .     b - +0 short sword
rCold  . . .     Gourm    .     d - +0 robe
rNeg   . . .     Faith    .     (no shield)
rPois  .         Spirit   .     n - +0 helmet
rElec  .         Dismiss  .     (no cloak)
rCorr  .         Reflect  .     (no gloves)
MR     .....     Harm     .     (no boots)
Stlth  ++........               (no amulet)
                                (no ring)
                                (no ring)

@: mighty, lethally poisoned (0 -> -17), flying
A: high mp 1
a: no special abilities


You were on level 2 of the Dungeon.
You were hungry.

You visited 1 branch of the dungeon, and saw 2 of its levels.

You collected 108 gold pieces.

Inventory:

Hand Weapons
 b - a +0 short sword (weapon)
Armour
 d - a +0 robe (worn)
 j - a +0 leather armour
 n - a +0 helmet (worn)
Scrolls
 g - a scroll of identify {unknown}
 h - a scroll of enchant weapon {unknown}
 k - a scroll of noise {unknown}
 m - a scroll of remove curse {unknown}
 p - 2 scrolls of amnesia {unknown}
 q - a scroll of magic mapping {unknown}
Potions
 c - 2 potions of lignification
 o - a potion of curing {unknown}
Books
 a - a book of Conjurations

   Spells                             Type                      Level
   a - Magic Dart                     Conjuration                  1
   b - Searing Ray                    Conjuration                  2
   c - Dazzling Spray                 Conjuration/Hexes            3
   d - Fulminant Prism                Conjuration/Hexes            4
   e - Iskenderun's Mystic Blast      Conjuration                  4
   f - Iskenderun's Battlesphere      Conjuration/Charms           5
Comestibles
 f - a bread ration
 i - 8 chunks of flesh


   Skills:
 + Level 2.1 Fighting
 - Level 1.0 Throwing
 + Level 1.2 Dodging
 + Level 1.5 Stealth
   Level 1.0 Shields
 - Level 1.0 Unarmed Combat
 + Level 1.5 Spellcasting
 - Level 2.6 Conjurations
   Level 1.0 Ice Magic


You had 4 spell levels left.
You knew the following spells:

 Your Spells              Type           Power        Failure   Level  Hunger
a - Magic Dart            Conj           ##..         10%         1    ##.....


Dungeon Overview and Level Annotations

Branches:
Dungeon (2/15)


Innate Abilities, Weirdness & Mutations

You have an increased reservoir of magic. (+10% MP)


Message History

Aiming: Magic Dart
Press: ? - help, Shift-Dir - straight line, f/p - adder
Aim: an adder (almost dead)
The magic dart hits the adder.
The adder is almost dead.
You are feeling hungry.
You feel sick. The adder bites you.
* * * LOW HITPOINT WARNING * * *
You are lethally poisoned!
The adder poisons you!
It was a potion of flight.
You feel very buoyant.
You fly up into the air.
The adder bites you.
* * * LOW HITPOINT WARNING * * *
You are more poisoned.
The adder poisons you! The adder bites you.
* * * LOW HITPOINT WARNING * * *
It was a potion of might.
You feel very mighty all of a sudden.
You die...

#### .. #..# #####....
######..# #.Sr....#
........### #@#
#####.....######.#####.#
#.##................
#.###..###..######.. #
...# ##.###.## # .###
#.##..# # .# #.#..##
##.# #...## ...# #..##


You could see an adder and a rat.

Vanquished Creatures
  An adder (D:2)
  An ooze (D:1)
  A worm (D:2)
  A dart slug (D:1)
  A leopard gecko (D:1)
  A ball python (D:1)
  3 goblins
  4 hobgoblins
  4 jackals (D:1)
  9 bats
  2 frilled lizards
  8 rats
36 creatures vanquished.

Notes
Turn   | Place    | Note
-------+----------+-------------------------------------------
     0 | D:1      | Promi the Demigod Wanderer began the quest for the Orb.
     0 | D:1      | Promi set off with: a book of Conjurations, a +0 short sword, a potion of lignification, a +0 robe, a bread ration
     0 | D:1      | Reached XP level 1. HP: 16/16 MP: 4/4
     8 | D:1      | Learned a level 1 spell: Magic Dart
   261 | D:1      | Reached XP level 2. HP: 11/23 MP: 6/6
   525 | D:1      | Reached skill level 1 in Dodging
  1106 | D:1      | Reached XP level 3. HP: 28/29 MP: 2/7
  1451 | D:2      | Succumbed to an adder's poison

Vault maps used:
D:1:      dpeg_arrival_connections, minmay_tripent

Skill      XL: |  1  2  3 |
---------------+----------+-----
Dodging        | 1 |  1.2
Fighting       | 2 |  2.1
Throwing       | |  1.0
Stealth        | |  1.5
Shields        | |  1.0
Unarmed Combat | |  1.0
Spellcasting   | |  1.5
Conjurations   | |  2.6
Ice Magic      | |  1.0

Action                   || total
-------------------------++-------
Melee: Short sword       ||    58
 Cast: Magic Dart        ||    59
  Use: Potion            ||     2
 Stab: Sleeping          ||     2
  Eat: Chunk             ||     3
Armor: Robe              ||    19
Dodge: Dodged            ||    57
